 Dungeon Crawl Stone Soup version 0.31-a0-692-gf03d1854d5 (webtiles) character file.

Game seed: 15827808235882619896

6153 qw the Skirmisher (level 10, 0/64 HPs)
             Began as a Gargoyle Hunter on Sept 6, 2023.
             Was a High Priest of Okawaru.
             Slain by a yak (12 damage)
             ... on level 1 of the Lair of Beasts.
             The game lasted 00:02:33 (6836 turns).

qw the Skirmisher (Gargoyle Hunter)                 Turns: 6836, Time: 00:02:33

Health: 0/64       AC: 22    Str: 14    XL:     10   Next: 90%
Magic:  12/14      EV: 15    Int: 11    God:    Okawaru [*****.]
Gold:   228        SH:  0    Dex: 17    Spells: 9/9 levels left

rFire   . . .        e - +0 orcbow (heavy)
rCold   . . .        (shield currently unavailable)
rNeg    + . .        n - +4 ring mail
rPois   inf          k - +0 helmet
rElec   +            (no cloak)
rCorr   .            f - +0 pair of gloves
SInv    .            c - +0 pair of boots
Will    .....        h - amulet of faith
Stlth   +++          (no ring)
HPRegen 0.30/turn    (no ring)
MPRegen 0.14/turn

%: faith
@: about to teleport, heroic
A: sickness immunity, AC +7, negative energy resistance 1, electricity
resistance, torment resistance 1, petrification resistance
a: Renounce Religion, Heroism, Finesse, Duel


You were on level 1 of the Lair of Beasts.
You worshipped Okawaru.
Okawaru was extremely pleased with you.
You visited 3 branches of the dungeon, and saw 10 of its levels.

You collected 459 gold pieces.
You spent 231 gold pieces at shops.


Innate Abilities, Weirdness & Mutations

You are immune to sickness and miasma.
Your stone body is resilient. (AC +7)
You are immune to poison.
You resist negative energy. (rN+)
You are resistant to electric shocks. (rElec)
You are resistant to unholy torment.
You are immune to petrification.


   Skills:
 - Level 8.2(13.2) Fighting
 + Level 12.8(17.8) Ranged Weapons
 - Level 4.4(9.4) Armour
 - Level 3.1(8.1) Dodging
 - Level 1.1(6.1) Stealth
 + Level 5.4 Invocations


You had 9 spell levels left.
You didn't know any spells.
Your spell library was empty.

Inventory:

Hand Weapons
 e - a +0 heavy orcbow (weapon)
Armour
 c - a +0 pair of boots (worn)
 f - a +0 pair of gloves (worn)
 k - a +0 helmet (worn)
 n - a +4 ring mail (worn)
Jewellery
 h - an amulet of faith (around neck)
Scrolls
 a - a scroll of teleportation
 g - a scroll of identify
Potions
 b - a potion of enlightenment
 d - a potion of might
 i - a potion of resistance
 j - 3 potions of curing
 l - a potion of magic
 m - a potion of brilliance {unknown}

Dungeon Overview and Level Annotations

Branches:
Dungeon (8/15)             Temple (1/1) D:4            Lair (1/5) D:8

Altars:
Dithmenos
Fedhas
Gozag
Hepliaklqana
Kikubaaqudgha
Nemelex Xobeh
Okawaru
Qazlal
Ru
Sif Muna
Trog
Uskayaw
Vehumet
Wu Jian
Xom
Yredelemnul
Zin

Shops:
D:2 :   D:5 [


Message History

You kill the wolf!
Okawaru accepts your kill. The wolf bites you but does no damage.
Your Invocations skill increases to level 5!
You shoot an arrow. The arrow hits the wolf!!
You kill the wolf!
Okawaru accepts your kill.
You feel like a meek peon again. The wolf misses you.
6827 ||| INVOKING Heroism.
You gain the combat prowess of a mighty hero.
The wolf closely misses you. The wolf completely misses you.
You shoot an arrow. The arrow hits the wolf!!
You kill the wolf!
Okawaru accepts your kill.
You shoot an arrow.
The arrow hits the yak but does no damage.
The yak completely misses you.
You shoot an arrow. The arrow hits the yak.
The yak is lightly wounded.
The yak closely misses you.
You shoot an arrow. The arrow hits the yak!!
The yak is severely wounded.
The yak barely misses you.
You shoot an arrow. The arrow hits the yak!!
You kill the yak!
Okawaru accepts your kill.
You shoot an arrow. The arrow barely misses the yak.
The yak closely misses you. The yak gores you but does no damage.
You shoot an arrow. The arrow hits the yak!!
The yak is heavily wounded.
The yak gores you!
6835 ||| READING 2 scrolls of teleportation.
As you read the scroll of teleportation, it crumbles to dust.
You feel strangely unstable. The yak closely misses you.
You shoot an arrow. The arrow hits the yak!
The yak is severely wounded.
The yak gores you!
You die...

### ##P## ##...#
#....# ##...#
#..##
#..########..####
#....@Y........#
###.###.#.#..<##
.. ####....####
#..
..#######.h...###
#.
#.......h.......#
#
##....Yh......##.
#......#%........
#.......#..##..}.
####.#.###Y# ...h


You could see a yak.

Vanquished Creatures
  4 death yaks (Lair:1)
  Maggie (D:8)
  Grinder (D:4)
  Sigmund (D:5)
  A yak (Lair:1)
  Grum (D:8)
  A steam dragon (D:7)
  3 wargs (D:8)
  3 water moccasins
  2 ogres
  9 wolves
  A centaur (D:7)
  A gnoll sergeant (D:8)
  A bullfrog (D:7)
  3 wights (D:8)
  A scorpion (D:5)
  3 howler monkeys
  5 hounds
  3 jellies
  2 gnoll boudas
  An orc priest (D:8)
  2 iguanas
  4 orc wizards
  9 gnolls
  5 adders
  2 ufetubi
  A worm (D:4)
  4 dart slugs
  26 orcs
  8 ball pythons
  5 endoplasms
  5 giant cockroaches
  9 goblins
  6 hobgoblins
  A jackal (D:4)
  2 kobolds
  2 quokkas
  5 bats
  4 frilled lizards (D:1)
  3 rats
151 creatures vanquished.

Notes
Turn   | Place    | Note
-------+----------+-------------------------------------------
     0 | D:1      | qw the Gargoyle Hunter began the quest for the Orb.
     0 | D:1      | Reached XP level 1. HP: 12/12 MP: 1/1
     0 | D:1      | 0 ||| qw: Version: 0.3-a-76-g4403597
     0 | D:1      | 0 ||| qw: Game counter: 213
     0 | D:1      | 0 ||| qw: Melee chars always use a shield: true
     0 | D:1      | 0 ||| qw: God list: Okawaru
     0 | D:1      | 0 ||| qw: Allow faded altars: false
     0 | D:1      | 0 ||| qw: Do Orc after clearing Dungeon:15 true
     0 | D:1      | 0 ||| qw: Do second Lair branch before Depths: true
     0 | D:1      | 0 ||| qw: Lair rune preference: random
     0 | D:1      | 0 ||| qw: Goals: Normal
     0 | D:1      | 0 ||| PLANNING D:1-11
   113 | D:1      | 113 ||| DROPPING scroll of butterflies.
   126 | D:1      | Reached XP level 2. HP: 13/17 MP: 2/2
   432 | D:1      | Reached XP level 3. HP: 21/21 MP: 3/3
   454 | D:1      | Reached skill level 5 in Ranged Weapons
   576 | D:1      | Found a faded altar of an unknown god.
  1029 | D:1      | 1029 ||| UPGRADING to +0 pair of gloves.
  1034 | D:1      | 1034 ||| UPGRADING to +0 ring mail.
  1044 | D:1      | 1044 ||| DROPPING +0 leather armour.
  1045 | D:1      | 1045 ||| UPGRADING to amulet of guardian spirit.
  1050 | D:1      | 1050 ||| READING 2 scrolls labelled EFACEI ROTUB.
  1055 | D:1      | 1055 ||| READING scroll labelled GOATAF QEADGH.
  1056 | D:1      | 1056 ||| DRINKING 2 metallic silvery potions.
  1057 | D:1      | 1057 ||| DRINKING 2 red potions.
  1173 | D:2      | Found Fudghili's Book Shoppe.
  1304 | D:2      | Reached skill level 1 in Armour
  1441 | D:2      | 1441 ||| UPGRADING to +0 pair of boots.
  1446 | D:2      | 1446 ||| DROPPING amulet of magic regeneration.
  1447 | D:2      | 1447 ||| READING scroll labelled DOUTHRU RIUR.
  1522 | D:3      | Reached XP level 4. HP: 27/27 MP: 4/4
  1841 | D:3      | Reached skill level 3 in Fighting
  1850 | D:3      | Found a hazy altar of Hepliaklqana.
  2153 | D:3      | 2153 ||| READING 3 scrolls labelled GIAHOE XO ETH.
  2154 | D:3      | 2154 ||| READING scroll labelled DALEID CIYSSULUGH.
  2155 | D:3      | 2155 ||| DRINKING 2 murky puce potions.
  2259 | D:3      | 2259 ||| READING 2 scrolls of identify.
  2259 | D:3      | 2259 ||| IDENTIFYING lumpy dark potion
  2260 | D:3      | 2260 ||| DROPPING potion of lignification.
  2261 | D:3      | 2261 ||| DROPPING potion of berserk rage.
  2319 | D:4      | Reached XP level 5. HP: 21/32 MP: 5/5
  2319 | D:4      | 2319 ||| STAIRDANCE
  2373 | D:4      | Found a staircase to the Ecumenical Temple.
  2374 | D:4      | 2374 ||| PLANNING TEMPLE
  2382 | Temple   | Entered the Ecumenical Temple
  2383 | Temple   | 2383 ||| PLANNING OKAWARU WORSHIP
  2386 | Temple   | Became a worshipper of Warmaster Okawaru
  2387 | Temple   | 2387 ||| PLANNING D:1-11
  2387 | Temple   | 2387 ||| REMOVING amulet of guardian spirit.
  2392 | Temple   | 2392 ||| DROPPING amulet of guardian spirit.
  2575 | D:4      | Noticed Grinder
  2584 | D:4      | Paralysed by Grinder for 5 turns
  2591 | D:4      | Killed Grinder
  2592 | D:4      | Reached skill level 7 in Ranged Weapons
  2592 | D:4      | Reached XP level 6. HP: 19/37 MP: 6/6
  3049 | D:4      | 3049 ||| UPGRADING to +0 helmet.
  3054 | D:4      | 3054 ||| READING scroll labelled DICAID RAROPU.
  3172 | D:5      | Entered Level 5 of the Dungeon
  3209 | D:5      | Reached XP level 7. HP: 42/42 MP: 7/7
  3277 | D:5      | Noticed Sigmund
  3284 | D:5      | Reached * piety under Okawaru
  3285 | D:5      | 3285 ||| INVOKING Heroism.
  3287 | D:5      | Reached skill level 8 in Ranged Weapons
  3297 | D:5      | 3297 ||| INVOKING Heroism.
  3298 | D:5      | 3298 ||| INVOKING Heroism.
  3300 | D:5      | Reached skill level 1 in Invocations
  3310 | D:5      | 3310 ||| INVOKING Heroism.
  3310 | D:5      | HP: 8/44 [scorpion (5)]
  3311 | D:5      | 3311 ||| READING 2 scrolls of teleportation.
  3312 | D:5      | 3312 ||| DRINKING potion of heal wounds.
  3468 | D:5      | 3468 ||| INVOKING Heroism.
  3471 | D:5      | 3471 ||| RETREATING.
  3484 | D:5      | Killed Sigmund
  3485 | D:5      | Reached XP level 8. HP: 40/49 MP: 7/10
  3544 | D:5      | Reached skill level 3 in Invocations
  3738 | D:5      | Found Bonoblez's Antique Armour Boutique.
  3749 | D:5      | 3749 ||| SHOPLISTING +3 pair of seven-league boots
                  | {Rampage+∞} (1320 gold, have 240).
  3749 | D:5      | 3749 ||| SHOPLISTING glowing cloak (247 gold, have 240).
  3749 | D:5      | 3749 ||| SHOPLISTING glowing helmet (247 gold, have 240).
  3749 | D:5      | 3749 ||| BUYING glowing ring mail (231 gold).
  3749 | D:5      | Bought a glowing ring mail for 231 gold pieces
  3749 | D:5      | 3749 ||| SHOPLISTING pair of runed boots (247 gold, have
                  | 9).
  3954 | D:5      | 3954 ||| UPGRADING to +1 ring mail of cold resistance.
  3964 | D:5      | 3964 ||| DROPPING +0 ring mail.
  3965 | D:5      | 3965 ||| UPGRADING to +4 ring mail.
  3975 | D:5      | 3975 ||| DROPPING +1 ring mail of cold resistance.
  3976 | D:5      | 3976 ||| DROPPING +6 ring of intelligence.
  3977 | D:5      | 3977 ||| READING scroll labelled VONUKHL SOJADUSCHOU.
  3978 | D:5      | 3978 ||| DRINKING 2 glowing amethyst potions.
  3979 | D:5      | 3979 ||| DROPPING potion of degeneration.
  4022 | D:6      | 4022 ||| INVOKING Heroism.
  4026 | D:6      | 4026 ||| Stepping ~*~*~tactically~*~*~ (outnumbered).
  4032 | D:6      | 4032 ||| Stepping ~*~*~tactically~*~*~ (outnumbered).
  4033 | D:6      | 4033 ||| Stepping ~*~*~tactically~*~*~ (outnumbered).
  4035 | D:6      | 4035 ||| Stepping ~*~*~tactically~*~*~ (outnumbered).
  4044 | D:6      | 4044 ||| INVOKING Heroism.
  4146 | D:6      | 4146 ||| INVOKING Heroism.
  4911 | D:6      | 4911 ||| INVOKING Heroism.
  5113 | D:6      | 5113 ||| DROPPING +0 ring mail of willpower.
  5114 | D:6      | 5114 ||| READING 3 scrolls of identify.
  5114 | D:6      | 5114 ||| IDENTIFYING fizzy yellow potion
  5115 | D:6      | 5115 ||| READING 2 scrolls of identify.
  5115 | D:6      | 5115 ||| IDENTIFYING purple potion
  5116 | D:6      | 5116 ||| DROPPING potion of attraction.
  5212 | D:7      | 5212 ||| INVOKING Heroism.
  5213 | D:7      | 5213 ||| Stepping ~*~*~tactically~*~*~ (cloud).
  5228 | D:7      | Reached skill level 9 in Ranged Weapons
  5339 | D:7      | 5339 ||| READING scroll of brand weapon.
  5339 | D:7      | 5339 ||| BRANDING +0 shortbow of flaming.
  5401 | D:7      | Reached skill level 3 in Armour
  5401 | D:7      | Reached XP level 9. HP: 44/54 MP: 12/12
  5460 | D:7      | 5460 ||| SWAPPING to +0 orcbow.
  5461 | D:7      | 5461 ||| DROPPING +0 shortbow of freezing.
  5513 | D:7      | 5513 ||| READING scroll of brand weapon.
  5513 | D:7      | 5513 ||| BRANDING +0 orcbow.
  5779 | D:7      | 5779 ||| UPGRADING to amulet of faith.
  5784 | D:7      | 5784 ||| READING 3 scrolls of identify.
  5784 | D:7      | 5784 ||| IDENTIFYING emerald potion
  5785 | D:7      | 5785 ||| READING 2 scrolls of identify.
  5785 | D:7      | 5785 ||| IDENTIFYING green potion
  5957 | D:8      | 5957 ||| INVOKING Heroism.
  5989 | D:8      | Noticed Grum
  5990 | D:8      | Reached skill level 6 in Fighting
  5990 | D:8      | 5990 ||| INVOKING Heroism.
  5993 | D:8      | 5993 ||| Stepping ~*~*~tactically~*~*~ (retreating).
  5996 | D:8      | Killed Grum
  6005 | D:8      | Reached skill level 10 in Ranged Weapons
  6005 | D:8      | 6005 ||| INVOKING Heroism.
  6008 | D:8      | HP: 8/56 [warg (11)]
  6009 | D:8      | 6009 ||| READING 3 scrolls of teleportation.
  6010 | D:8      | 6010 ||| DRINKING potion of heal wounds.
  6011 | D:8      | Found a staircase to the Lair.
  6020 | D:8      | 6020 ||| INVOKING Heroism.
  6021 | D:8      | Reached ** piety under Okawaru
  6193 | D:8      | Found an ancient bone altar of Kikubaaqudgha.
  6226 | D:8      | 6226 ||| Stepping ~*~*~tactically~*~*~ (outnumbered).
  6228 | D:8      | 6228 ||| Stepping ~*~*~tactically~*~*~ (outnumbered).
  6324 | D:8      | Noticed Maggie
  6327 | D:8      | 6327 ||| INVOKING Heroism.
  6331 | D:8      | Killed Maggie
  6332 | D:8      | Reached skill level 11 in Ranged Weapons
  6502 | D:8      | 6502 ||| Stepping ~*~*~tactically~*~*~ (retreating).
  6711 | D:8      | 6711 ||| PLANNING LAIR
  6711 | D:8      | 6711 ||| READING 2 scrolls of identify.
  6711 | D:8      | 6711 ||| IDENTIFYING fuming pink potion
  6759 | Lair:1   | Entered Level 1 of the Lair of Beasts
  6774 | Lair:1   | Noticed a death yak
  6774 | Lair:1   | Noticed a death yak
  6774 | Lair:1   | Noticed a death yak
  6774 | Lair:1   | Noticed a death yak
  6775 | Lair:1   | 6775 ||| RETREATING.
  6775 | Lair:1   | Noticed a death yak
  6778 | Lair:1   | 6778 ||| INVOKING Heroism.
  6782 | Lair:1   | Reached skill level 3 in Dodging
  6782 | Lair:1   | Reached XP level 10. HP: 63/63 MP: 10/13
  6786 | Lair:1   | 6786 ||| Stepping ~*~*~tactically~*~*~ (retreating).
  6787 | Lair:1   | 6787 ||| Stepping ~*~*~tactically~*~*~ (retreating).
  6788 | Lair:1   | 6788 ||| Stepping ~*~*~tactically~*~*~ (retreating).
  6788 | Lair:1   | Noticed a death yak
  6789 | Lair:1   | 6789 ||| Stepping ~*~*~tactically~*~*~ (retreating).
  6790 | Lair:1   | 6790 ||| Stepping ~*~*~tactically~*~*~ (retreating).
  6791 | Lair:1   | 6791 ||| Stepping ~*~*~tactically~*~*~ (retreating).
  6792 | Lair:1   | 6792 ||| Stepping ~*~*~tactically~*~*~ (retreating).
  6794 | Lair:1   | 6794 ||| Stepping ~*~*~tactically~*~*~ (retreating).
  6795 | Lair:1   | 6795 ||| Stepping ~*~*~tactically~*~*~ (retreating).
  6796 | Lair:1   | 6796 ||| Stepping ~*~*~tactically~*~*~ (retreating).
  6797 | Lair:1   | 6797 ||| Stepping ~*~*~tactically~*~*~ (retreating).
  6800 | Lair:1   | 6800 ||| INVOKING Heroism.
  6804 | Lair:1   | Killed a death yak
  6804 | Lair:1   | Reached *** piety under Okawaru
  6812 | Lair:1   | Killed a death yak
  6813 | Lair:1   | 6813 ||| INVOKING Heroism.
  6818 | Lair:1   | Killed a death yak
  6818 | Lair:1   | Reached **** piety under Okawaru
  6819 | Lair:1   | Reached skill level 12 in Ranged Weapons
  6824 | Lair:1   | Killed a death yak
  6824 | Lair:1   | Reached ***** piety under Okawaru
  6827 | Lair:1   | 6827 ||| INVOKING Heroism.
  6834 | Lair:1   | HP: 12/64 [yak (11)]
  6835 | Lair:1   | 6835 ||| READING 2 scrolls of teleportation.
  6836 | Lair:1   | Slain by a yak

Levels and vault maps discovered:
D:1:      roderic_crop_circles_arrival_small, layout_loops_corners,
          serial_glass, glass_columns_a, glass_columns_b, glass_columns_a,
          glass_columns_c, basic_ecumenical_altar
D:2:      layout_basic, serial_shops, shop
D:3:      layout_loops_cross, mainiacjoe_overflow_small_starburst,
          chequers_serial_rivers_large_b, grunt_decor_fettered,
          kennysheep_generic_room_8
D:4:      minmay_chambers_of_fours, layout_basic,
          minmay_temple_entry_antechambers, minmay_stone_trees_medium,
          uniq_grinder
D:5:      layout_loops_ring, serial_shops, shop_fountains,
          minmay_fractal_squares_diagonal_5, uniq_sigmund
D:6:      layout_layer_cave
D:7:      layout_basic
D:8:      layout_loops_ring, kiku_gazebo_pond_becter, erik_lair_orcish_takeover,
          uniq_grum, uniq_maggie
Temple:   hellmonk_temple_two_chambers
Lair:1:   layout_misc_corridors, lemuel_fruit_fields, serial_bayou_shore_b,
          grunt_megastairs_3

Skill      XL: |  1  2  3  4  5  6  7  8  9 10 |
---------------+-------------------------------+-----
Ranged Weapons | 5 7 8 9 11 12 | 12.8
Armour         | 1 2 3 4 |  4.4
Fighting       | 3 5 7 8 |  8.2
Invocations    | 2 4 5 |  5.4
Dodging        | 2 3 |  3.1
Stealth        | |  1.1

Action                     |  1- 3 |  4- 6 |  7- 9 | 10-12 || total
---------------------------+-------+-------+-------+-------++-------
   Fire: Shortbow          |   113 |   100 |   178 |       ||   391
         Orcbow            |       |       |    89 |    40 ||   129
 Invoke: Heroism           |       |       |    15 |     3 ||    18
    Use: Scroll            |     3 |     4 |    10 |     1 ||    18
         Potion            |     2 |     1 |     3 |       ||     6
 Armour: Leather armour    |    37 |       |       |       ||    37
         Ring mail         |     2 |    32 |   137 |    32 ||   203
  Dodge: Dodged            |    28 |    29 |   118 |    36 ||   211

Table legend:
 A = Non-vault XP
 B = Vault XP
 C = Vault XP percentage of total XP
 D = Non-vault monster count
 E = Vault monster count
 F = Vault count percentage of total count
                 A         B        C        D         E       F
            +---------+---------+-------+---------+---------+-------
      Total |    2679 |    6111 |  69.5 |     116 |      35 |  23.2
            +---------+---------+-------+---------+---------+-------
        D:1 |      52 |       0 |   0.0 |      28 |       0 |   0.0
        D:2 |      28 |       0 |   0.0 |       8 |       0 |   0.0
        D:3 |      43 |       0 |   0.0 |      13 |       0 |   0.0
        D:4 |     182 |     309 |  62.9 |      13 |       7 |  35.0
        D:5 |     396 |     652 |  62.2 |      15 |       8 |  34.8
        D:6 |     281 |       0 |   0.0 |       8 |       0 |   0.0
        D:7 |     551 |       0 |   0.0 |       9 |       0 |   0.0
        D:8 |     590 |    1549 |  72.4 |      18 |      13 |  41.9
     Lair:1 |     556 |    3601 |  86.6 |       4 |       7 |  63.6
            +---------+---------+-------+---------+---------+-------
